 Dungeon Crawl Stone Soup version 0.20-a0-820-g557356e (webtiles) character file.

3682 Laan the Spear-Bearer (level 10, -7/76 HPs)
             Began as a Merfolk Gladiator on Mar 4, 2017.
             Mangled by an unseen horror (10 damage)
             ... on level 8 of the Dungeon.
             The game lasted 00:14:51 (7881 turns).

Laan the Spear-Bearer (Merfolk Gladiator)           Turns: 7881, Time: 00:14:51

Health: -7/76      AC: 10    Str: 18    XL:     10   Next: 13%
Magic:  10/10      EV: 13    Int:  7    God:
Gold:   393        SH: 14    Dex: 16    Spells: 9/9 levels left

rFire    + + .     SeeInvis .   a - +0 trident
rCold    + + .     Gourm    .   w - +1 leather armour "Silychom" {rF+ rN+}
rNeg     + . .     Faith    .   t - +0 large shield
rPois    +         Spirit   .   c - +0 helmet
rElec    +         Reflect  .   D - +1 cloak {+Inv}
rCorr    +         Harm     .   (no gloves)
MR       .....                  (no boots)
Stlth    +.........             (no amulet)
Regen    0.3/turn               j - ring of protection from cold
MPRegen  0.2/turn               n - +4 ring of protection

@: resistant
A: change form in water, swift swim, stealthy swim, deformed body, sense
surroundings 1, electricity resistance, no potion heal 1
a: Evoke Invisibility


You were on level 8 of the Dungeon.
You were hungry.

You visited 2 branches of the dungeon, and saw 9 of its levels.

You collected 393 gold pieces.

Inventory:

Hand Weapons
 a - a +0 trident (weapon)
Missiles
 d - 4 throwing nets (quivered)
Armour
 c - a +0 helmet (worn)
 p - a +2 leather armour of positive energy
 t - a +0 large shield (worn)
 w - the +1 leather armour "Silychom" (worn) {rF+ rN+}
   (You found it on level 4 of the Dungeon)

   It protects you from fire.
   It protects you from negative energy.
 D - a +1 cloak of invisibility (worn)
Jewellery
 j - a ring of protection from cold (right hand)
 n - a +4 ring of protection (left hand)
 y - a +5 ring of intelligence
Wands
 b - a wand of flame (0/48)
 C - a wand of confusion (20/48)
Scrolls
 e - 5 scrolls of identify
 g - 2 scrolls of recharging {unknown}
 i - 5 scrolls of teleportation {unknown}
 k - 2 scrolls of amnesia {unknown}
 l - 5 scrolls of remove curse {unknown}
 q - a scroll of noise {unknown}
 r - a scroll of immolation {unknown}
 u - 2 scrolls of enchant armour {unknown}
 x - a scroll of enchant weapon {unknown}
Potions
 o - a potion of resistance
 s - a potion of flight
Books
 v - a book of Cantrips

   Spells                             Type                      Level
   a - Confusing Touch                Hexes                        1
   b - Animate Skeleton               Necromancy                   1
   c - Summon Small Mammal            Summoning                    1
   d - Apportation                    Translocation                1
Comestibles
 f - 3 bread rations
 h - 2 chunks of flesh
 m - 2 royal jellies
 z - a fruit


   Skills:
 + Level 5.8 Fighting
 + Level 14.4 Polearms
 - Level 2.0 Throwing
 + Level 3.5 Armour
 + Level 7.6 Dodging
 + Level 4.5 Shields


You had 9 spell levels left.
You didn't know any spells.

Dungeon Overview and Level Annotations

Branches:
Dungeon (8/15)             Temple (1/1) D:7
   Lair: D:8-11

Altars:
Ashenzari
Cheibriados
Dithmenos
Elyvilon
Fedhas
Gozag
Hepliaklqana
Kikubaaqudgha
Makhleb
Nemelex Xobeh
Okawaru
Qazlal
Ru
Sif Muna
Uskayaw
Vehumet
Wu Jian
Xom
Yredelemnul
Zin
The Shining One


Innate Abilities, Weirdness & Mutations

You revert to your normal form in water.
You are very nimble and swift while swimming.
You are very stealthy in the water. (Stealth+)
Armour fits poorly on your strangely shaped body.
You passively map a small area around you.
You are resistant to electric shocks. (rElec)
Potions are less effective at restoring your health.


Message History

You puncture the orc priest!
You kill the orc priest!
Something hits you but does no damage.
You hit something. Something hits you but does no damage. Something hits you.
* * * LOW HITPOINT WARNING * * *
You hear the quick hiss of a distant avalanche of sand.
Something hits you.
* * * LOW HITPOINT WARNING * * *
Something hits you but does no damage.
Found a helmet.
Something hits you but does no damage. Something hits you!
* * * LOW HITPOINT WARNING * * *
You feel protected. Something hits you.
* * * LOW HITPOINT WARNING * * *
Something barely misses you.
You see here a tomahawk.
Something hits you!
You die...

*...... **.#...
,.....*##.#... ,,, *
#... ....... ##...
.......
,,...###......., ,
######## * **#.##)[..#,
#......# #....# , *
#......##########(.#
#......#........@..#
.......#)##...####....#
#......#.##.### ####.#
#........#..# #
#..#..####.## * ,
...#..# #..# * * *
..###.###.###### *
..###.##......... * *
.#........#######


There were no monsters in sight!

Vanquished Creatures
  Pikel (D:5)
  Grinder (D:6)
  Prince Ribbit (D:6)
  The ghost of luab the Covert, an amateur FeEn (D:6)
  Menkaure (D:5)
  Duvessa (D:4)
  A phantom (D:7)
  An ice beast (D:5)
  2 orc warriors (D:6)
  A sky beast (D:5)
  A black bear (D:8)
  2 ogres
  2 slaves (D:5)
  2 centaurs
  4 bullfrogs
  Dowan (D:4)
  A scorpion (D:7)
  A howler monkey (D:5)
  4 crimson imps
  A jelly (D:6)
  4 orc priests
  A gnoll shaman (D:8)
  2 hounds
  Crazy Yiuf (D:7)
  10 orc wizards
  2 centaur skeletons
  Ijyb (D:2)
  An iguana (D:8)
  5 worker ants
  A killer bee zombie (D:6)
  3 gnolls (D:8)
  9 adders
  An ooze (D:4)
  2 adder skeletons
  A worm (D:3)
  3 dart slugs
  10 leopard geckos
  32 orcs
  4 giant cockroaches
  5 goblins
  6 hobgoblins
  9 jackals
  4 quokkas
  5 ball pythons
  8 bats
  2 frilled lizards
  7 kobolds
  A leopard gecko zombie (D:5)
  8 rats
178 creatures vanquished.

Vanquished Creatures (others)
  An orc wizard (D:6)
  A worker ant (D:5)
  A hound zombie (D:6)
  A frilled lizard (D:1)
4 creatures vanquished.

Grand Total: 182 creatures vanquished

Notes
Turn   | Place    | Note
-------+----------+-------------------------------------------
     0 | D:1      | Laan the Merfolk Gladiator began the quest for the Orb.
     0 | D:1      | Reached XP level 1. HP: 16/16 MP: 1/1
    93 | D:1      | Reached skill level 5 in Polearms
    97 | D:1      | Reached XP level 2. HP: 22/22 MP: 2/2
   737 | D:2      | Reached XP level 3. HP: 27/27 MP: 3/3
   779 | D:2      | Reached skill level 6 in Polearms
  1084 | D:2      | Found a burning altar of Makhleb.
  1152 | D:2      | Noticed Ijyb
  1170 | D:2      | Killed Ijyb
  1170 | D:2      | Reached skill level 7 in Polearms
  1170 | D:2      | Reached XP level 4. HP: 25/33 MP: 4/4
  1217 | D:2      | Found a radiant altar of Vehumet.
  1219 | D:2      | Found a shadowy altar of Dithmenos.
  1221 | D:2      | Found a snail-covered altar of Cheibriados.
  1232 | D:2      | Found a sacrificial altar of Ru.
  1607 | D:3      | Found a glowing golden altar of the Shining One.
  1727 | D:3      | Found a white marble altar of Elyvilon.
  1751 | D:3      | Found a glowing golden altar of the Shining One.
  1808 | D:3      | Reached skill level 8 in Polearms
  1808 | D:3      | Reached XP level 5. HP: 35/38 MP: 5/5
  1857 | D:3      | Found a faded altar of an unknown god.
  2063 | D:4      | Noticed Duvessa
  2063 | D:4      | Noticed Dowan
  2289 | D:4      | Reached skill level 9 in Polearms
  2289 | D:4      | Reached XP level 6. HP: 25/44 MP: 6/6
  2536 | D:4      | Killed Duvessa
  2536 | D:4      | Reached skill level 10 in Polearms
  2545 | D:4      | HP: 2/44 [Dowan/dagger (3)]
  2566 | D:4      | Killed Dowan
  2984 | D:4      | Reached XP level 7. HP: 50/50 MP: 7/7
  3024 | D:4      | Reached skill level 11 in Polearms
  3121 | D:4      | Got a transparent leather armour
  3132 | D:4      | Identified the +1 leather armour "Silychom" {rF+ rN+} (You found it on level 4 of the Dungeon)
  3328 | D:4      | Found a basalt altar of Yredelemnul.
  3331 | D:4      | Found an ancient bone altar of Kikubaaqudgha.
  3549 | D:5      | Entered Level 5 of the Dungeon
  3924 | D:5      | Found a shattered altar of Ashenzari.
  4001 | D:5      | Noticed Menkaure
  4014 | D:5      | Gained mutation: Armour fits poorly on your strangely shaped body. [potion of mutation]
  4014 | D:5      | Gained mutation: Potions are less effective at restoring your health. [potion of mutation]
  4014 | D:5      | Gained mutation: You are resistant to electric shocks. (rElec) [potion of mutation]
  4014 | D:5      | Gained mutation: You passively map a small area around you. [potion of mutation]
  4028 | D:5      | Killed Menkaure
  4028 | D:5      | Reached skill level 12 in Polearms
  4326 | D:5      | Reached XP level 8. HP: 39/56 MP: 8/8
  4528 | D:5      | Reached skill level 13 in Polearms
  4605 | D:5      | Reached skill level 1 in Shields
  4971 | D:6      | Noticed Grinder
  4987 | D:6      | Killed Grinder
  4987 | D:6      | Reached skill level 1 in Armour
  5012 | D:6      | Reached skill level 5 in Dodging
  5032 | D:6      | Noticed Pikel
  5289 | D:5      | Killed Pikel
  5289 | D:5      | Reached XP level 9. HP: 27/65 MP: 9/9
  5500 | D:6      | Noticed luab's ghost (amateur FeEn)
  5519 | D:6      | Killed luab's ghost
  5940 | D:6      | Noticed Prince Ribbit
  5959 | D:6      | Killed Prince Ribbit
  5959 | D:6      | Reached skill level 14 in Polearms
  6803 | D:7      | Reached skill level 5 in Fighting
  7005 | D:7      | Found a staircase to the Ecumenical Temple.
  7053 | Temple   | Entered the Ecumenical Temple
  7165 | D:7      | Found a runed door.
  7169 | D:7      | Noticed Crazy Yiuf
  7182 | D:7      | Killed Crazy Yiuf
  7182 | D:7      | Reached XP level 10. HP: 74/74 MP: 10/10
  7731 | D:8      | Found an opulent altar of Gozag.
  7734 | D:8      | Found a sparkling altar of Nemelex Xobeh.
  7737 | D:8      | Found a glowing silver altar of Zin.
  7879 | D:8      | HP: 3/76 [something (1)]
  7881 | D:8      | Mangled by an unseen horror

Vault maps used:
D:1:      saegor_arrival_miasma
D:2:      bloody_makhleb, nicolae_overflow_quartered_altars, uniq_iyjb
D:3:      old_standard_altar, lemuel_crystal_altar,
          chequers_ecumenical_altar_island, kennysheep_path_1, tso_metal_star
D:4:      minitemple, first_bread, uniq_duvessa
D:5:      evilmike_ruin_ashenzari, uniq_menkaure
D:6:      uniq_prince_ribbit1, uniq_grinder, uniq_pikel
D:7:      minmay_temple_entry_junction, uniq_crazy_yiuf_cottage
D:8:      lightli_temple_of_fire, grunt_temple_overflow_diamond,
          nicolae_ossuary_entry_monument
Temple:   dpeg_three_leaves_temple

Skill      XL: |  1  2  3  4  5  6  7  8  9 |
---------------+----------------------------+-----
Polearms       | 5 7 8 9 10 12 13 14 | 14.4
Shields        | 2 4 |  4.5
Fighting       | 4 5 |  5.8
Armour         | 2 3 |  3.5
Dodging        | 5 7 |  7.6
Throwing       | |  2.0

Action                   |  1- 3 |  4- 6 |  7- 9 | 10-12 || total
-------------------------+-------+-------+-------+-------++-------
Melee: Trident           |   110 |   235 |   575 |   110 ||  1030
Evoke: Wand              |       |     1 |     1 |       ||     2
  Use: Scroll            |       |     5 |       |       ||     5
       Potion            |       |     5 |     4 |     3 ||    12
 Stab: Sleeping          |       |     1 |       |       ||     1
       Confused          |       |       |     4 |       ||     4
  Eat: Chunk             |     1 |     5 |     6 |     2 ||    14
       Bread ration      |       |       |     2 |       ||     2
Armor: Leather armour    |     1 |    82 |    95 |    27 ||   205
       Scale mail        |    29 |       |       |       ||    29
       Skin              |       |     9 |       |       ||     9
Dodge: Dodged            |    60 |   104 |   112 |    40 ||   316
Block: Large shield      |       |    65 |   216 |    78 ||   359
